 Dungeon Crawl Stone Soup version 0.23.2-40-g277498a001 (webtiles) character file.

Game seed: 394755094106084430

98 MalarOregon the Ducker (level 4, 0/35 HPs)
             Began as a Merfolk Skald on Aug 13, 2019.
             Succumbed to an adder's poison
             ... on level 3 of the Dungeon.
             The game lasted 00:03:45 (2542 turns).

MalarOregon the Ducker (Merfolk Skald)              Turns: 2542, Time: 00:03:46

Health: 0/35       AC:  4    Str: 12    XL:     4   Next: 69%
Magic:  7/7        EV: 13    Int: 12    God:
Gold:   139        SH:  0    Dex: 13    Spells: 6/7 levels left

rFire    . . .     SeeInvis .   a - +0 falchion
rCold    . . .     Gourm    .   (no shield)
rNeg     . . .     Faith    .   c - +0 leather armour (curse)
rPois    .         Spirit   .   (no helmet)
rElec    .         Reflect  .   m - +0 cloak
rCorr    .         Harm     .   (no gloves)
MR       .....                  (no boots)
Stlth    +.........             (no amulet)
HPRegen  0.11/turn              (no ring)
MPRegen  0.10/turn              (no ring)

@: lethally poisoned (0 -> -2)
A: change form in water, swift swim, stealthy swim
a: no special abilities


You were on level 3 of the Dungeon.
You were not hungry.

You visited 1 branch of the dungeon, and saw 3 of its levels.

You collected 139 gold pieces.

Inventory:

Hand Weapons
 a - a +0 falchion (weapon)
 n - a +2 vampiric falchion {!w}
   (You took it off an orc on level 3 of the Dungeon)
Armour
 c - a cursed +0 leather armour (worn)
   (You found it on level 1 of the Dungeon)
 m - a +0 cloak (worn)
   (You found it on level 2 of the Dungeon)
Wands
 v - a wand of digging (7)
   (You found it on level 2 of the Dungeon)
 x - a wand of acid (12)
   (You found it on level 3 of the Dungeon)
Scrolls
 b - a scroll of blinking {unknown}
 g - a scroll of magic mapping {unknown}
 j - a scroll of remove curse {unknown}
 k - a scroll of amnesia {unknown}
 p - 4 scrolls of identify {unknown}
Potions
 d - a potion of haste {unknown}
 f - 3 potions of brilliance {unknown}
 h - a potion of mutation {unknown}
 i - a potion of invisibility {unknown}
 l - a potion of degeneration {unknown}
 q - a potion of curing {unknown}
Comestibles
 e - a ration {!d}


   Skills:
 + Level 3.0 Fighting
 * Level 3.6 Long Blades
 + Level 1.4 Armour
 + Level 3.7 Dodging
 - Level 2.0 Spellcasting
 - Level 3.2 Charms


You had 6 spell levels left.
You knew the following spells:

 Your Spells              Type           Power        Failure   Level  Hunger
a - Infusion              Chrm           #...         9%          1    ##.....

Your spell library contained the following spells:

 Spells                   Type           Power        Failure   Level  Hunger
 Song of Slaying          Chrm           #.......     14%         2    ###....
 Shroud of Golubria       Chrm/Tloc      #.........   26%         2    ###....
 Regeneration             Chrm/Necr      #.........   47%         3    ####...
 Spectral Weapon          Hex/Chrm       #.......     47%         3    ####...


Dungeon Overview and Level Annotations

Branches:
Dungeon (3/15)

Altars:
Hepliaklqana


Message History

You miss the adder. The adder bites you.
The adder bites you but does no damage.
You barely miss the adder. The adder bites you but does no damage.
You hit the adder. The adder bites you but does no damage.
The adder barely misses you.
You riposte.
You hit the adder. You closely miss the adder.
The adder bites you but does no damage.
You closely miss the adder. The adder bites you but does no damage.
The adder completely misses you.
You hit the adder. The adder bites you.
You are poisoned.
The adder poisons you!
You barely miss the adder.
You feel sick. The adder misses you.
You riposte.
You closely miss the adder.
All of the chunks of flesh in your inventory have rotted away.
You completely miss the adder. The adder bites you.
You are more poisoned.
The adder poisons you! The adder completely misses you.
You closely miss the adder.
You feel sick. The adder bites you but does no damage.
You slash the adder!
You kill the adder!
You feel sick.
You hit the hobgoblin but do no damage.
You feel sick. The hobgoblin hits you. The hobgoblin barely misses you.
You riposte.
You completely miss the hobgoblin. You hit the hobgoblin.
You feel sick. The hobgoblin barely misses you.
Your leather armour prevents you from hitting the hobgoblin.
The hobgoblin barely misses you.
You hit the hobgoblin.
You kill the hobgoblin!
You feel sick.
You hit the kobold. The kobold hits you but does no damage.
You closely miss the kobold.
You feel sick.
The kobold hits you with a +0 short sword of freezing.
The kobold freezes you.
* * * LOW HITPOINT WARNING * * *
You hit the kobold but do no damage. The kobold hits you but does no damage.
You hit the kobold.
You kill the kobold!
You feel sick.
You hit the worm but do no damage. You hit the worm.
You feel sick. The worm barely misses you.
You riposte.
You hit the worm.
Unknown command.
You hit the worm but do no damage. The worm bites you.
* * * LOW HITPOINT WARNING * * *
You hit the worm. You hit the worm.
You feel sick. The worm bites you!
* * * LOW HITPOINT WARNING * * *
You die...

..........#.#.##.........
............#............
...l.....................
##..........#............
####+##....#.##.........
#....#............ #####
#....#............ ....#
#....#............ ....##
####.#<..@........ .....#
#.#w###.####### .....#
#....)......... .....#
#.....###.###.... .....#
##.....# #.# ..
.....#..#.....# #.#
..........##... ...
.......... #... ........
..........##.....#.....
...#


You could see a worm.

Vanquished Creatures
  3 adders
  2 oozes (D:1)
  A worm (D:2)
  A dart slug (D:1)
  6 orcs (D:3)
  2 giant cockroaches (D:1)
  3 goblins
  6 hobgoblins
  11 kobolds
  A quokka (D:2)
  7 bats
  5 frilled lizards
  4 rats (D:1)
52 creatures vanquished.

Notes
Turn   | Place    | Note
-------+----------+-------------------------------------------
     0 | D:1      | MalarOregon the Merfolk Skald began the quest for the Orb.
     0 | D:1      | Reached XP level 1. HP: 16/16 MP: 3/3
   221 | D:1      | Reached XP level 2. HP: 16/23 MP: 5/5
   495 | D:1      | Reached skill level 1 in Armour
   840 | D:1      | Reached XP level 3. HP: 26/28 MP: 6/6
  1434 | D:2      | Reached XP level 4. HP: 16/34 MP: 7/7
  1875 | D:2      | Found a hazy altar of Hepliaklqana.
  2538 | D:3      | HP: 1/35 [worm (10)]
  2542 | D:3      | Succumbed to an adder's poison

Skill      XL: |  1  2  3  4 |
---------------+-------------+-----
Dodging        | 3 |  3.7
Armour         | 1 |  1.4
Long Blades    | 3 |  3.6
Fighting       | 3 |  3.0
Spellcasting   | |  2.0
Charms         | |  3.2

Action                   |  1- 3 |  4- 6 || total
-------------------------+-------+-------++-------
Melee: Falchion          |   111 |    79 ||   190
 Stab: Sleeping          |       |     1 ||     1
  Eat: Chunk             |     2 |     1 ||     3
       Ration            |       |     1 ||     1
Armor: Leather armour    |    25 |    18 ||    43
Dodge: Dodged            |    72 |    51 ||   123
       Rpst.: Falchion   |    19 |    17 ||    36
